 Dungeon Crawl Stone Soup version 0.31.0-32-g396128a36d (webtiles) character file.

Game seed: 5532088149796516195

1 chippings the Apothecary (level 1, 0/14 HPs)
             Began as a Draconian Wanderer on Apr 18, 2024.
             Slain by a hobgoblin (4 damage)
             ... on level 1 of the Dungeon.
             The game lasted 00:00:40 (22 turns).

chippings the Apothecary (Draconian Wanderer)         Turns: 22, Time: 00:00:40

Health: 0/14       AC:  4    Str: 14    XL:     1   Next: 16%
Magic:  1/2        EV: 12    Int: 15    God:
Gold:   0          SH:  0    Dex:  7    Spells: 1/2 levels left

rFire   . . .        a - +0 club
rCold   . . .        (no shield)
rNeg    . . .        (body armour unavailable)
rPois   .            (helmet restricted)
rElec   .            (no cloak)
rCorr   .            (no gloves)
SInv    .            (no boots)
Will    .....        (no amulet)
Stlth   +            (no ring)
HPRegen 0.22/turn    (no ring)
MPRegen 0.08/turn

%: no passive effects
@: no status effects
A: AC +4, unfitting armour, cold-blooded
a: no special abilities


You were on level 1 of the Dungeon.
You visited 1 branch of the dungeon, and saw 1 of its levels.

Inventory:

Hand Weapons
 a - a +0 club (weapon)
Wands
 c - a wand of polymorph (6) (quivered)
Potions
 b - a potion of curing


   Skills:
 - Level 2.6 Dodging
 + Level 1.0 Spellcasting
 - Level 1.0 Necromancy
 + Level 3.0 Alchemy
 - Level 2.0 Evocations


You had one spell level left.
You knew the following spells:

 Your Spells              Type           Power      Damage    Failure   Level
a - Sting                 Conj/Alch      20%        1d4       13%         1

Your spell library contained the following spells:

 Spells                   Type           Power      Damage    Failure   Level
 Kiss of Death            Conj/Necr      8%         2d6       21%         1
 Cigotuvi's Dreadful Rot  Necr/Alch/Air  8%         N/A       22%         2
 Vampiric Draining        Necr           3%         2d6       43%         3
 Sticky Flame             Fire/Alch      5%         2d4       78%         4


Dungeon Overview and Level Annotations

Branches:
Dungeon (1/15)

Altars:


Innate Abilities, Weirdness & Mutations

Your plain brown scales are hard. (AC +4)
You cannot fit into any form of body armour.
You are cold-blooded and may be slowed by cold attacks.


Message History

You are very lightly contaminated with residual magic.
Nothing appears to happen.
A nearby fungus withers and dies.
Casting: Sting (safe; 13% risk of failure)
Confirm with . or Enter, or press ? or * to list all spells.
Aiming: Sting (safe; 13% risk of failure)
Press: ? - help, Shift-Dir - straight line, f/p - ball python
Aim: a ball python (64% to hit)
The sting hits the ball python.
The ball python is poisoned.
The ball python is severely wounded.
You kill the ball python!
The endoplasm attacks as it pursues you!
The endoplasm barely misses you.
Your magical contamination has completely faded away.
You hit the endoplasm.
The endoplasm is moderately wounded.
The endoplasm hits you but does no damage.
You hit the endoplasm but do no damage.
Your tail-slap misses the endoplasm.
The endoplasm is moderately wounded.
The endoplasm freezes you.
You are frozen.
You hit the endoplasm.
The endoplasm is heavily wounded.
The hobgoblin hits you but does no damage.
The endoplasm freezes you.
You are frozen.
You feel yourself slow down. The hobgoblin misses you. The endoplasm hits you.
* * * LOW HITPOINT WARNING * * *
Aiming: Polymorph
Press: ? - help, Shift-Dir - straight line, f - endoplasm
Aim: an endoplasm (heavily wounded, will become a rat, a giant cockroach, or a quokka, chance to affect: 71%)
The endoplasm evaporates and reforms as a rat!
The hobgoblin hits you.
* * * LOW HITPOINT WARNING * * *
The rat misses you.
You hit the rat but do no damage.
The rat is severely wounded.
You feel yourself speed up. The hobgoblin hits you.
You die...

##.#.#♣.P........#.
.......♣.P.........#
###.#....P..P..♣P♣♣.#
........P.P...P.♣...#
#.....♣.............#
.........P.....P....#
#......P....<.......#
...♣...P....gP.♣..#
.......♣..†.w.r@....#
#.w...♣P......P..P.♣#
#....PP.....P.......#
#..................##
............P..♣..##
#..###.........P.##
#.. .......>......
......#.###.###


You could see a dart slug, a hobgoblin and a rat.

Vanquished Creatures
  A ball python (D:1)
1 creature vanquished.

Notes
Turn   | Place    | Note
-------+----------+-------------------------------------------
     0 | D:1      | chippings the Draconian Wanderer began the quest for the
                  | Orb.
     0 | D:1      | chippings set off with the following items: a +0 club, a
                  | potion of curing, a wand of polymorph (7); and the
                  | following spells available to memorise: Sting, Kiss of
                  | Death, Cigotuvi's Dreadful Rot, Vampiric Draining, Sticky
                  | Flame.
     0 | D:1      | Reached XP level 1. HP: 14/14 MP: 2/2
     2 | D:1      | Learned a level 1 spell: Sting
    22 | D:1      | Slain by a hobgoblin

Illustrated notes

Levels and vault maps discovered:
D:1:      wander_arrival_fairy_ring, layout_basic,
          chequers_serial_rivers_micro_b, minmay_pentomino_s4

Action                     || total
---------------------------++-------
  Melee: Club              ||     5
   Cast: Sting             ||     1
  Evoke: Wand              ||     1
 Armour: Skin              ||     5
  Dodge: Dodged            ||     4
